 Dungeon Crawl Stone Soup version 0.30-a0-596-g0af90f9a20 (webtiles) character file.

Game seed: 5696042674956028067

1729 wormed the Charlatan (level 9, -1/69 HPs)
             Began as a Gnoll Wanderer on Jan 6, 2023.
             Was a Believer of Cheibriados.
             Slain by a gnoll
             ... wielding a +0 halberd
              (2 damage)
             ... on level 5 of the Dungeon.
             The game lasted 00:14:01 (9432 turns).

wormed the Charlatan (Gnoll Wanderer)               Turns: 9432, Time: 00:14:02

Health: -1/69      AC:  5    Str: 15    XL:     9   Next: 5%
Magic:  12/15      EV: 14    Int: 18    God:    Cheibriados [**....]
Gold:   349        SH:  6    Dex: 21    Spells: 16/16 levels left

rFire   . . .      SeeInvis .    e - +3 whip (freeze)
rCold   . . .      Faith    .    c - +0 buckler
rNeg    + . .      Spirit   .    y - +0 leather armour
rPois   .          Reflect  .    l - +0 helmet
rElec   .          Harm     .    j - scarf {repulsion}
rCorr   .          Rampage  .    (no gloves)
Will    .....                    a - +0 pair of boots
Stlth   +++                      (no amulet)
HPRegen 0.31/turn                m - ring of positive energy
MPRegen 0.14/turn                f - ring of flight

@: brilliant, weak-willed, flying, repel missiles, very slow
A: fangs 1, strong nose, distributed training
a: Renounce Religion, Bend Time


You were on level 5 of the Dungeon.
You worshipped Cheibriados.
Cheibriados was pleased with you.
You visited 1 branch of the dungeon, and saw 6 of its levels.

You collected 349 gold pieces.

Inventory:

Hand Weapons
 e - a +3 whip of freezing (weapon)
Missiles
 q - 5 datura-tipped darts
 r - 7 poisoned darts
Armour
 a - a +0 pair of boots (worn)
 c - a +0 buckler (worn)
 j - a scarf of repulsion (worn)
 l - a +0 helmet (worn)
 y - a +0 leather armour (worn)
Jewellery
 f - a ring of flight (right hand)
 m - a ring of positive energy (left hand)
Wands
 d - a wand of polymorph (2)
 h - a wand of charming (5) (quivered)
Potions
 g - 3 potions of cancellation
 s - a potion of magic
 v - 2 potions of brilliance
 z - a potion of invisibility {unknown}
Miscellaneous
 b - a phantom mirror


   Skills:
 + Level 6.1 Fighting
 + Level 4.0 Short Blades
 + Level 4.0 Long Blades
 + Level 4.0 Axes
 + Level 6.1 Maces & Flails
 + Level 4.0 Polearms
 + Level 4.0 Staves
 + Level 4.0 Ranged Weapons
 + Level 4.0 Throwing
 + Level 4.0 Armour
 + Level 4.8 Dodging
 + Level 4.7 Stealth
 + Level 4.8 Shields
 + Level 4.0 Unarmed Combat
 + Level 4.0 Spellcasting
 + Level 3.2 Conjurations
 + Level 3.2 Hexes
 + Level 3.2 Summonings
 + Level 3.2 Necromancy
 + Level 3.2 Translocations
 + Level 3.2 Transmutations
 + Level 3.2 Fire Magic
 + Level 3.2 Ice Magic
 + Level 3.2 Air Magic
 + Level 3.2 Earth Magic
 + Level 3.2 Poison Magic
 + Level 4.4 Invocations
 + Level 7.7 Evocations


You had 16 spell levels left.
You didn't know any spells.
Your spell library contained the following spells:

 Spells                   Type           Power      Damage    Failure   Level
 Apportation              Tloc           46%        N/A       6%          1
 Necrotise                Necr           92%        1d8       6%          1
 Summon Small Mammal      Summ           92%        N/A       6%          1
 Blink                    Tloc           46%        N/A       9%          2
 Momentum Strike          Conj/Tloc      46%        3d9       9%          2
 Ignite Poison            Fire/Tmut/Pois 23%        N/A       19%         3
 Kindle Blastsparks       Fire/Tloc/Air  46%        2d13      19%         3
 Lesser Beckoning         Tloc           46%        N/A       19%         3
 Freezing Cloud           Conj/Ice/Air   11%        6-21      86%         5


Dungeon Overview and Level Annotations

Branches:
Dungeon (6/15)             Temple (0/1) D:6

Altars:
Cheibriados
Elyvilon
Qazlal


Innate Abilities, Weirdness & Mutations

You have very sharp teeth.
Your uncanny sense of smell can sniff out nearby items.
Your experience applies equally to all skills.


Message History

The kobold completely misses you.
The gnoll hits you from afar with a +0 halberd.
* * * LOW HITPOINT WARNING * * *
The hobgoblin hits you.
* * * LOW HITPOINT WARNING * * *
The gnoll closely misses you. The kobold hits you with a +0 whip.
* * * LOW HITPOINT WARNING * * *
The kobold completely misses you.
It was a potion of magic.
Magic courses through your body. You block the goblin's attack.
The goblin closely misses you. You block the kobold's attack.
The gnoll barely misses you. The hobgoblin hits you.
* * * LOW HITPOINT WARNING * * *
The gnoll barely misses you. The kobold closely misses you.
The kobold hits you with a +0 dagger.
* * * LOW HITPOINT WARNING * * *
It was a potion of brilliance.
You feel clever all of a sudden. The goblin closely misses you.
The goblin barely misses you. You block the kobold's attack.
The gnoll completely misses you.
The hobgoblin hits you but does no damage.
You block the gnoll's attack. The kobold hits you with a +0 whip.
* * * LOW HITPOINT WARNING * * *
The kobold hits you with a +0 dagger.
* * * LOW HITPOINT WARNING * * *
The flow of time bends around you.
Cheibriados rebukes the hobgoblin.
The hobgoblin seems to slow down.
Cheibriados rebukes the goblin.
The goblin seems to slow down.
Cheibriados rebukes the goblin.
The goblin seems to slow down.
Cheibriados rebukes the kobold.
The kobold seems to slow down.
Cheibriados rebukes the kobold.
The kobold seems to slow down.
Cheibriados rebukes the kobold.
The kobold seems to slow down.
You block the goblin's attack. x2
The gnoll hits you from afar with a +0 halberd.
You die...

≈≈≈≈≈≈≈≈#####≈≈≈≈≈≈≈≈≈≈≈≈≈≈≈≈≈≈≈≈
≈≈≈≈≈≈≈≈# #####################
≈≈≈≈≈≈≈≈# #... .........#.....
≈≈≈≈≈≈≈≈#. #... .........'.....
≈≈≈≈≈≈≈≈##'##... .........######
≈≈≈≈≈≈≈≈≈#.....g #####.........
≈≈≈≈≈≈≈≈≈#....gg #.........
#≈≈≈≈≈≈≈≈#....gg########.........
#≈≈≈≈≈≈≈## #ggg@K.........######
##≈≈≈≈≈≈#∆∆∆#.KgKK.........'.....
#≈≈≈≈≈≈#∆∆∆#..KK..........#.)...
##≈≈≈≈≈#∆∆∆#####################
##≈≈≈≈#####≈≈≈≈≈≈≈≈≈≈≈≈≈≈≈≈≈≈≈≈
####≈≈≈≈≈≈≈≈≈≈≈≈≈≈≈≈≈≈≈≈≈≈≈≈≈≈
########≈≈≈≈≈≈≈≈≈≈≈≈≈≈≈≈≈≈≈
####################


You could see 2 gnolls, 4 hobgoblins, 3 goblins and 6 kobolds.

Vanquished Creatures
  A blink frog (D:4)
  2 water moccasins (D:6)
  A black bear (D:6)
  A centaur (D:5)
  A necrophage (D:5)
  2 scorpions (D:4)
  5 wights
  3 howler monkeys
  A jelly (D:6)
  A gnoll bouda (D:5)
  A hound (D:5)
  3 iguanas
  Robin (D:3)
  7 gnolls (D:5)
  8 adders
  A white imp (D:6)
  4 worms
  4 dart slugs
  8 orcs
  5 endoplasms
  2 giant cockroaches (D:1)
  32 goblins
  27 hobgoblins
  10 jackals
  3 quokkas
  9 ball pythons
  7 bats
  2 frilled lizards (D:1)
  7 kobolds
  7 rats
166 creatures vanquished.

Vanquished Creatures (collateral kills)
  Menkaure (D:4)
  A gnoll (D:5)
  A hobgoblin (D:5)
3 creatures vanquished.

Vanquished Creatures (others)
  A white imp (D:5)
  A butterfly (D:5)
2 creatures vanquished.

Grand Total: 171 creatures vanquished

Notes
Turn   | Place    | Note
-------+----------+-------------------------------------------
     0 | D:1      | wormed the Gnoll Wanderer began the quest for the Orb.
     0 | D:1      | wormed set off with the following items: a +0 mace, a
                  | phantom mirror, a +0 buckler, a potion of lignification, a
                  | +0 robe.
     0 | D:1      | Reached XP level 1. HP: 20/20 MP: 1/1
   175 | D:1      | Reached XP level 2. HP: 9/26 MP: 2/2
   488 | D:1      | You fall into a shaft and drop 1 floor!
   524 | D:2      | Reached XP level 3. HP: 31/31 MP: 2/4
   706 | D:1      | Reached skill level 1 in Invocations
   985 | D:1      | Reached skill level 1 in Short Blades
   985 | D:1      | Reached skill level 1 in Long Blades
   985 | D:1      | Reached skill level 1 in Axes
   985 | D:1      | Reached skill level 1 in Polearms
   985 | D:1      | Reached skill level 1 in Staves
   985 | D:1      | Reached skill level 1 in Ranged Weapons
   985 | D:1      | Reached skill level 1 in Throwing
   985 | D:1      | Reached skill level 1 in Armour
   985 | D:1      | Reached skill level 1 in Unarmed Combat
   985 | D:1      | Reached skill level 1 in Spellcasting
  1511 | D:2      | Reached XP level 4. HP: 38/38 MP: 5/5
  1545 | D:2      | Found a stormy altar of Qazlal.
  2278 | D:3      | Reached skill level 1 in Conjurations
  2278 | D:3      | Reached skill level 1 in Hexes
  2278 | D:3      | Reached skill level 1 in Summonings
  2278 | D:3      | Reached skill level 1 in Necromancy
  2278 | D:3      | Reached skill level 1 in Translocations
  2278 | D:3      | Reached skill level 1 in Transmutations
  2278 | D:3      | Reached skill level 1 in Fire Magic
  2278 | D:3      | Reached skill level 1 in Ice Magic
  2278 | D:3      | Reached skill level 1 in Air Magic
  2278 | D:3      | Reached skill level 1 in Earth Magic
  2278 | D:3      | Reached skill level 1 in Poison Magic
  2884 | D:3      | Reached XP level 5. HP: 24/43 MP: 7/7
  3301 | D:4      | Noticed Menkaure
  3356 | D:4      | Noticed Robin
  3445 | D:4      | Found a snail-covered altar of Cheibriados.
  3504 | D:3      | Killed Robin
  3917 | D:4      | Noticed a lemure
  3928 | D:4      | Noticed Pikel
  3928 | D:4      | Noticed a lemure
  3940 | D:4      | Pikel changed into Pikel the blink frog
  3940 | D:4      | Noticed Pikel
  3944 | D:4      | Noticed a lemure
  3946 | D:4      | Noticed a lemure
  3958 | D:4      | Killed Pikel the blink frog
  3959 | D:4      | Reached skill level 5 in Fighting
  3959 | D:4      | Reached skill level 5 in Maces & Flails
  3959 | D:4      | Reached XP level 6. HP: 37/51 MP: 7/9
  4220 | D:4      | Reached skill level 7 in Evocations
  4220 | D:4      | Reached XP level 7. HP: 34/56 MP: 10/10
  4340 | D:4      | Killed Menkaure
  5084 | D:4      | Became a worshipper of Cheibriados the Contemplative
  5219 | D:5      | Entered Level 5 of the Dungeon
  5656 | D:6      | Reached XP level 8. HP: 60/63 MP: 12/12
  6420 | D:6      | Found a staircase to the Ecumenical Temple.
  7692 | D:5      | Reached * piety under Cheibriados
  8252 | D:5      | Found a white marble altar of Elyvilon.
  9159 | D:5      | Reached XP level 9. HP: 57/67 MP: 14/14
  9232 | D:5      | Reached ** piety under Cheibriados
  9431 | D:5      | HP: 3/69 [kobold/+0 whip (5)]
  9431 | D:5      | HP: 1/69 [kobold/+0 dagger (2)]
  9432 | D:5      | Slain by a gnoll

Illustrated notes

Levels and vault maps discovered:
D:1:      lemuel_arrival_room, layout_loops_ring
D:2:      layout_basic, basic_altar, kennysheep_minor_cross, minmay_heptomino_d4
D:3:      layout_loops_corners
D:4:      layout_layer_cave, kennysheep_slug_shrine, uniq_robin, uniq_pikel,
          uniq_menkaure
D:5:      minmay_goblin_kobold_castle, layout_cave_pools,
          nicolae_elyvilon_peaceful_grove
D:6:      layout_basic, minmay_temple_entry_offerings

Skill      XL: |  1  2  3  4  5  6  7  8  9 |
---------------+----------------------------+-----
Invocations    | 1 2 3 4 |  4.4
Short Blades   | 1 2 3 4 |  4.0
Long Blades    | 1 2 3 4 |  4.0
Axes           | 1 2 3 4 |  4.0
Polearms       | 1 2 3 4 |  4.0
Staves         | 1 2 3 4 |  4.0
Ranged Weapons | 1 2 3 4 |  4.0
Throwing       | 1 2 3 4 |  4.0
Armour         | 1 2 3 4 |  4.0
Unarmed Combat | 1 2 3 4 |  4.0
Spellcasting   | 1 2 3 4 |  4.0
Conjurations   | 1 2 3 |  3.2
Hexes          | 1 2 3 |  3.2
Summonings     | 1 2 3 |  3.2
Necromancy     | 1 2 3 |  3.2
Translocations | 1 2 3 |  3.2
Transmutations | 1 2 3 |  3.2
Fire Magic     | 1 2 3 |  3.2
Ice Magic      | 1 2 3 |  3.2
Air Magic      | 1 2 3 |  3.2
Earth Magic    | 1 2 3 |  3.2
Poison Magic   | 1 2 3 |  3.2
Dodging        | 3 4 |  4.8
Shields        | 3 4 |  4.8
Fighting       | 5 6 |  6.1
Maces & Flails | 5 6 |  6.1
Stealth        | 3 4 |  4.7
Evocations     | 7 |  7.7

Action                   |  1- 3 |  4- 6 |  7- 9 || total
-------------------------+-------+-------+-------++-------
Melee: Dagger            |   194 |   251 |       ||   445
       Bite              |    25 |    30 |    45 ||   100
       Mace              |     7 |       |       ||     7
       Unarmed           |       |     8 |    18 ||    26
       Whip              |       |    25 |   326 ||   351
Invok: Bend Time         |       |       |     1 ||     1
Evoke: Phantom mirror    |     1 |     1 |     1 ||     3
       Wand              |       |     2 |     2 ||     4
  Use: Potion            |     1 |     1 |    11 ||    13
       Scroll            |       |     4 |     9 ||    13
 Stab: Sleeping          |     8 |    17 |     2 ||    27
Armor: Robe              |    28 |    20 |       ||    48
       Skin              |     6 |    25 |    37 ||    68
       Leather armour    |       |     5 |    55 ||    60
Dodge: Dodged            |    61 |    77 |   289 ||   427
       Repelled          |       |       |     3 ||     3
Block: Buckler           |    30 |    46 |   128 ||   204

Table legend: (Time is in decaauts)
 A = Elapsed time spent in this place.
 B = Non-inter-level travel time spent in this place.
 C = Inter-level travel time spent in this place.
 D = Time resting spent in this place.
 E = Time spent auto-exploring this place.
 F = Levels seen in this place.
 G = Mean time per level.
                   A        B        C        D        E       F      G
               +--------+--------+--------+--------+--------+-----+--------+
         Total |   9914 |   9298 |    616 |    841 |   6793 |   6 | 1652.3 |
       Dungeon |   9914 |   9298 |    616 |    841 |   6793 |   6 | 1652.3 |
               +--------+--------+--------+--------+--------+-----+--------+

Top non-repeatable levels by time:
     D:6: 2494 daAuts
     D:5: 2098 daAuts
     D:4: 1717 daAuts
     D:3: 1368 daAuts
     D:1: 1257 daAuts
     D:2: 977 daAuts
